[Event "Titled Tuesday Blitz May 9 Late 2023"]
[White "Gatterer, Florian"]
[Black "Smith, Garrett L"]
[WhiteFideId "811688"]
[BlackFideId "2024829"]
[WhiteElo "2221"]
[BlackElo "2233"]
[Result "1/2-1/2"]
[Round "07"]
[TimeControl "180+2"]
[Date "2023.05.09"]
[WhiteClock "0:00:16"]
[BlackClock "0:00:17"]

1. e4 c5 2. Nf3 Nc6 3. Bb5 e6 4. O-O Nge7 5. Re1 a6 6. Bf1 d5 7. exd5 Nxd5 8. d4 Nf6 9. c3 Be7 10. Bg5 O-O 11. dxc5 Bxc5 12. Qxd8 Rxd8 13. Nbd2 b5 14. Nb3 Bb6 15. a4 bxa4 16. Rxa4 Bb7 17. Rea1 a5 18. Bb5 Rd5 19. Bc4 Rf5 20. Be3 Bxe3 21. fxe3 Ng4 22. Nfd4 Rh5 23. h3 Nxe3 24. Be2 Rg5 25. Bf3 Rc8 26. Nxc6 Bxc6 27. Bxc6 Rxc6 28. Rxa5 Rxg2+ 29. Kh1 h6 30. Nd4 Rb6 31. Re1 Nc2 32. Rc1 Rxb2 33. Kxg2 Nxd4+ 34. Kf1 Nf3 35. Ra8+ Kh7 36. Rd1 Nh2+ 37. Kg1 Nf3+ 38. Kf1 Nh2+ 39. Kg1 Nf3+ 40. Kf1 1/2-1/2


[Site "https://www.chess.com"]

[Event "Titled Tuesday Blitz May 9 Late 2023"]
[White "Hollan, Petr"]
[Black "Leschinsky, Gary"]
[WhiteFideId "360945"]
[BlackFideId "30951321"]
[WhiteElo "2254"]
[BlackElo "1855"]
[Result "0-1"]
[Round "07"]
[TimeControl "180+2"]
[Date "2023.05.09"]
[WhiteClock "0:00:00"]
[BlackClock "0:00:08"]

1. e4 c5 2. Nf3 e6 3. d4 cxd4 4. Nxd4 a6 5. Bd3 Ne7 6. O-O Nbc6 7. Nxc6 Nxc6 8. c4 Be7 9. Nc3 O-O 10. Be3 d6 11. f4 Rb8 12. Kh1 Bf6 13. Rc1 Bd7 14. b3 Nb4 15. Bb1 b5 16. Qxd6 Be7 17. Qd2 bxc4 18. bxc4 Bc6 19. Rfd1 Qc8 20. Nd5 exd5 21. cxd5 Rd8 22. Qf2 Qd7 23. a3 Ba4 24. Re1 Nxd5 25. exd5 Bf6 26. Bb6 Rdc8 27. Rxc8+ Rxc8 28. Be4 Re8 29. Bf3 Rxe1+ 30. Qxe1 g6 31. Qe4 Bb3 32. Qd3 Ba2 33. Qxa6 Bxd5 34. Qd3 Bc6 35. Qxd7 Bxd7 36. Bc5 Ba4 37. Kg1 h5 38. Kf2 Bd8 39. Ke3 f6 40. Kd4 Bc7 41. g3 h4 42. Kd5 hxg3 43. hxg3 g5 44. Bd6 Bb6 45. Ke6 Bd4 46. Be7 gxf4 47. gxf4 Kg7 48. Bd5 Be8 49. f5 Bb2 50. Bb4 Be5 51. Bb3 Bf7+ 52. Ke7 Bxb3 53. Bc5 Bc2 54. Ke6 Kh6 55. Kd5 Bxf5 56. a4 Bd3 57. a5 Kg6 58. Kc6 Bc3 59. Kb6 f5 60. a6 Be4 61. a7 Be5 62. Kb5 f4 0-1


[Site "https://www.chess.com"]

[Event "Titled Tuesday Blitz May 9 Late 2023"]
[White "Skaric, Djuro"]
[Black "Barria Santos, Jose Guilherme"]
[WhiteFideId "934569"]
[BlackFideId "1939300"]
[WhiteElo "2282"]
[BlackElo "2266"]
[Result "0-1"]
[Round "07"]
[TimeControl "180+2"]
[Date "2023.05.09"]
[WhiteClock "0:01:12"]
[BlackClock "0:02:05"]

1. g3 Nf6 2. Bg2 g6 3. d3 Bg7 4. Nc3 O-O 5. e4 d6 6. f4 c5 7. Nf3 a6 8. O-O Nc6 9. h3 b5 10. g4 b4 11. Ne2 e6 12. Ng3 a5 13. g5 Nd7 14. Nh4 Nd4 15. Bd2 a4 16. c3 Nc6 17. f5 Be5 18. Ne2 Ba6 19. Rf3 a3 20. bxa3 bxc3 21. Bxc3 Nd4 22. Nxd4 Bxd4+ 23. Bxd4 cxd4 24. Kh2 Qxg5 25. Qe1 Ne5 26. Rg3 Qxh4 27. Qe2 Rac8 28. Rg1 Rc3 29. Qb2 Rxd3 30. Rxd3 Nxd3 31. Qxd4 Qf4+ 0-1


[Site "https://www.chess.com"]

[Event "Titled Tuesday Blitz May 9 Late 2023"]
[White "micke12a"]
[Black "Phillips, Rene"]
[BlackFideId "2056275"]
[WhiteElo "2365"]
[BlackElo "2197"]
[Result "1-0"]
[Round "07"]
[TimeControl "180+2"]
[Date "2023.05.09"]
[WhiteClock "0:00:41"]
[BlackClock "0:00:00"]

1. d4 Nc6 2. Nc3 e5 3. d5 Nce7 4. e4 Nf6 5. g3 Ng6 6. Bg2 Bb4 7. Ne2 O-O 8. O-O Bxc3 9. Nxc3 d6 10. f4 exf4 11. gxf4 Bg4 12. Bf3 Qd7 13. f5 Bxf3 14. Qxf3 Ne5 15. Qg3 Nh5 16. Qh4 g6 17. Kh1 Kh8 18. Bg5 Rae8 19. Rg1 f6 20. Bh6 Nf3 21. Qf2 Nxg1 22. Bxf8 Nh3 23. Qh4 Rxf8 24. Qxh3 Ng7 25. Rf1 gxf5 26. exf5 Qe7 27. Qf3 Qe5 28. Nb5 Rf7 29. c3 a6 30. Nd4 c5 31. dxc6 bxc6 32. Nxc6 Qb5 33. Nd4 Qxb2 34. Qa8+ 1-0


[Site "https://www.chess.com"]

[Event "Titled Tuesday Blitz May 9 Late 2023"]
[White "Benaddi, Mouhcine"]
[Black "Gerbelli Neto, Eduardo"]
[WhiteFideId "9001050"]
[BlackFideId "2103281"]
[WhiteElo "2036"]
[BlackElo "2178"]
[Result "1-0"]
[Round "07"]
[TimeControl "180+2"]
[Date "2023.05.09"]
[WhiteClock "0:01:44"]
[BlackClock "0:01:05"]

1. Nf3 Nf6 2. g3 g6 3. Bg2 Bg7 4. O-O d5 5. d4 O-O 6. c4 c6 7. cxd5 cxd5 8. Nc3 Nc6 9. Ne5 e6 10. Nxc6 bxc6 11. Bf4 Ba6 12. Be5 Qb6 13. Na4 Qb5 14. Re1 Nd7 15. Bxg7 Kxg7 16. e4 Rab8 17. b3 Qb4 18. Rc1 Rfc8 19. Nc5 Nxc5 20. Rxc5 Rb5 21. Rc2 Rbb8 22. Rc5 Qa3 23. Qd2 Rb5 24. Rec1 Ra5 25. Qxa5 1-0


[Site "https://www.chess.com"]

[Event "Titled Tuesday Blitz May 9 Late 2023"]
[White "Bryant, Todd"]
[Black "Kiseljova, Marya"]
[WhiteFideId "2031299"]
[BlackFideId "4155009"]
[WhiteElo "2361"]
[BlackElo "1831"]
[Result "1-0"]
[Round "07"]
[TimeControl "180+2"]
[Date "2023.05.09"]
[WhiteClock "0:00:01"]
[BlackClock "0:00:00"]

1. e4 c5 2. Nf3 Nc6 3. d4 cxd4 4. Nxd4 g6 5. Nc3 Bg7 6. Be3 Nf6 7. Bc4 O-O 8. Bb3 Re8 9. h4 e6 10. h5 Nxh5 11. Qd2 d5 12. exd5 Nxd4 13. Bxd4 exd5+ 14. Kf1 Be6 15. Re1 Rc8 16. Bxg7 Kxg7 17. Qd4+ Qf6 18. Qxf6+ Nxf6 19. f3 h5 20. Nb5 Bd7 21. Nd4 Rxe1+ 22. Kxe1 Re8+ 23. Kf2 a6 24. c3 Re7 25. Rd1 Bc6 26. Ne2 Rd7 27. Rd4 g5 28. Ng3 Kg6 29. Bc2+ Kg7 30. Nf5+ Kf8 31. Ne3 Re7 32. Bb3 Re5 33. g3 g4 34. f4 Re4 35. Rd1 d4 36. Rxd4 Rxd4 37. cxd4 Ke7 38. d5 Bd7 39. Bc2 Kd6 40. Bb3 Ne4+ 41. Kg2 Nd2 42. Bc2 b5 43. Bh7 Nf3 44. Be4 Nd2 45. Bh7 Nc4 46. Nxc4+ bxc4 47. Bg8 Be8 48. Bh7 Kxd5 49. Bc2 Kd4 50. Kf2 Bc6 51. Bh7 Be4 52. Bg8 1-0


[Site "https://www.chess.com"]

[Event "Titled Tuesday Blitz May 9 Late 2023"]
[White "Butti, Enrique"]
[Black "Bashkansky, Ethan"]
[WhiteFideId "3700470"]
[BlackFideId "2071533"]
[WhiteElo "2080"]
[BlackElo "2351"]
[Result "1-0"]
[Round "07"]
[TimeControl "180+2"]
[Date "2023.05.09"]
[WhiteClock "0:00:43"]
[BlackClock "0:00:36"]

1. d4 f5 2. Nf3 Nf6 3. g3 g6 4. Bg2 Bg7 5. O-O O-O 6. c4 d6 7. Nc3 Nc6 8. d5 Na5 9. Nd2 c5 10. Qc2 a6 11. b3 Rb8 12. Bb2 b5 13. Rab1 e5 14. dxe6 Bxe6 15. Nd5 bxc4 16. bxc4 Nxd5 17. cxd5 Bf7 18. Bxg7 Rxb1 19. Rxb1 Kxg7 20. Qc3+ Kh6 21. e4 Be8 22. e5 dxe5 23. Qxe5 Bb5 24. d6 Re8 25. Qf4+ Qg5 26. Nf3 Qxf4 27. gxf4 Rd8 28. Ne5 Kg7 29. d7 Kf6 30. a4 Bc4 31. Rc1 Be6 32. Rxc5 Nb3 33. Rc6 a5 34. Bd5 Nd4 35. Ra6 Ke7 36. Bxe6 Nxe6 37. Nc6+ Kxd7 38. Nxd8 Kxd8 39. Rxe6 1-0


[Site "https://www.chess.com"]

[Event "Titled Tuesday Blitz May 9 Late 2023"]
[White "Torres Dominguez, David"]
[Black "Shapiro, Daniel"]
[WhiteFideId "2220857"]
[BlackFideId "2001780"]
[WhiteElo "1999"]
[BlackElo "2347"]
[Result "0-1"]
[Round "07"]
[TimeControl "180+2"]
[Date "2023.05.09"]
[WhiteClock "0:00:20"]
[BlackClock "0:00:28"]

1. e4 c5 2. Nc3 a6 3. Nf3 b5 4. d4 cxd4 5. Nxd4 e6 6. Bd3 Bb7 7. O-O Qb6 8. Be3 Qc7 9. a3 Nf6 10. h3 d6 11. f4 Nbd7 12. Qe1 Be7 13. Qg3 O-O 14. Rae1 Kh8 15. Nf3 Nc5 16. e5 Nfe4 17. Nxe4 Nxe4 18. Qg4 g6 19. Bc1 Nc5 20. Ng5 Nxd3 21. cxd3 Qc6 22. Ne4 Qd5 23. exd6 Bxd6 24. Nxd6 Qxd6 25. b4 Qxd3 26. Bb2+ Kg8 27. Qg5 Qd5 28. Qh6 Qxg2# 0-1


[Site "https://www.chess.com"]

[Event "Titled Tuesday Blitz May 9 Late 2023"]
[White "Fathy, Elameir"]
[Black "Panico, Nick"]
[WhiteFideId "10600396"]
[BlackFideId "2026724"]
[WhiteElo "2311"]
[BlackElo "1982"]
[Result "1-0"]
[Round "07"]
[TimeControl "180+2"]
[Date "2023.05.09"]
[WhiteClock "0:01:17"]
[BlackClock "0:02:09"]

1. d4 f5 2. c4 Nf6 3. g3 g6 4. Bg2 Bg7 5. Nf3 O-O 6. O-O d6 7. Nc3 Nc6 8. d5 Ne5 9. Nxe5 dxe5 10. Qb3 h6 11. c5 Kh8 12. Rd1 g5 13. Bd2 a6 14. Na4 Qe8 15. Ba5 Bd7 16. Nc3 b6 17. cxb6 cxb6 18. Qxb6 e4 19. d6 exd6 20. Nd5 Bb5 21. Nc7 Qb8 22. Nxa8 Qxb6 23. Nxb6 1-0


[Site "https://www.chess.com"]

[Event "Titled Tuesday Blitz May 9 Late 2023"]
[White "TheKnightOfBosnia"]
[Black "Curtis, John"]
[BlackFideId "3200256"]
[WhiteElo "2460"]
[BlackElo "2203"]
[Result "1-0"]
[Round "07"]
[TimeControl "180+2"]
[Date "2023.05.09"]
[WhiteClock "0:00:23"]
[BlackClock "0:00:09"]

1. e4 e5 2. Nf3 Nc6 3. Nc3 Bb4 4. g3 Bxc3 5. bxc3 d6 6. Bg2 f5 7. exf5 Bxf5 8. O-O Nf6 9. Rb1 Rb8 10. d3 O-O 11. c4 Qd7 12. Re1 b6 13. Bb2 Rbe8 14. Qd2 h6 15. Bc3 Ne7 16. Qc1 c5 17. Ra1 Nc6 18. Qa3 Bh3 19. Qa4 Bg4 20. Nd2 Nd4 21. Qxd7 Bxd7 22. Bxd4 exd4 23. Ne4 Nxe4 24. Bxe4 Rf6 25. Bd5+ Kf8 26. Rxe8+ Bxe8 27. Re1 Bh5 28. h3 Be8 29. Kg2 Ba4 30. Re2 Rf5 31. f4 Bd7 32. Kf3 Rf6 33. g4 Be8 34. h4 Bf7 35. Bxf7 Rxf7 36. Re6 Rd7 37. Ke4 b5 38. cxb5 Rb7 39. a4 a6 40. bxa6 Rb6 41. a7 Ra6 42. Rxd6 Rxa7 43. Rc6 Rxa4 44. Rxc5 Kf7 45. Rc4 Ra1 46. g5 Rg1 47. Rxd4 hxg5 48. hxg5 Re1+ 49. Kd5 Kg6 50. c4 Kf5 51. Kc5 Ra1 52. Re4 Ra8 53. Kd4 Rd8+ 54. Ke3 g6 55. Re5+ Kg4 56. Re6 Kh5 57. d4 Ra8 58. d5 Ra3+ 59. Ke4 Ra1 60. d6 Rd1 61. c5 Kg4 62. Rf6 Kh5 63. Ke5 Re1+ 64. Kd5 Rd1+ 65. Kc6 Kg4 66. d7 Rd4 67. Kc7 Rxf4 68. Rxf4+ Kxf4 69. d8=Q Kf5 70. Qf6+ Ke4 71. Qxg6+ Kd5 72. Qd6+ Ke4 73. g6 Ke3 74. g7 Kf3 75. g8=Q Ke4 76. Qe8+ Kf3 1-0


[Site "https://www.chess.com"]

[Event "Titled Tuesday Blitz May 9 Late 2023"]
[White "lluiss"]
[Black "Chemin, Justo Reinaldo"]
[BlackFideId "2101580"]
[WhiteElo "2283"]
[BlackElo "1940"]
[Result "1-0"]
[Round "07"]
[TimeControl "180+2"]
[Date "2023.05.09"]
[WhiteClock "0:00:16"]
[BlackClock "0:00:00"]

1. Nf3 e6 2. c4 d5 3. cxd5 exd5 4. d4 Bd6 5. Nc3 c6 6. Bg5 Ne7 7. e3 Qb6 8. Qd2 Bf5 9. Bxe7 Bxe7 10. Be2 Nd7 11. O-O O-O 12. Rfc1 h6 13. Na4 Qb4 14. Qxb4 Bxb4 15. a3 Bd6 16. b4 Rfc8 17. Nc5 Rab8 18. Rc3 Nb6 19. Rac1 Rc7 20. Bd3 Bxd3 21. Rxd3 Nc4 22. Nd2 Nxd2 23. Rxd2 Re8 24. Rdc2 Bxc5 25. bxc5 f5 26. Rb1 Ree7 27. Rcb2 Kf7 28. Rb3 Kf6 29. f3 g5 30. Kf2 Rcd7 31. a4 a5 32. Rh1 f4 33. h4 Kf5 34. hxg5 hxg5 35. Rh8 fxe3+ 36. Rxe3 Rxe3 37. Kxe3 Re7+ 38. Kf2 g4 39. Rf8+ Kg5 40. Rg8+ Kf5 41. Rxg4 b6 42. Rg8 bxc5 43. dxc5 Rb7 44. Rf8+ Ke5 45. g4 d4 46. g5 Rb2+ 47. Ke1 d3 48. g6 1-0


[Site "https://www.chess.com"]

[Event "Titled Tuesday Blitz May 9 Late 2023"]
[White "mjelcic"]
[Black "KVAIDAN"]
[WhiteElo "2218"]
[BlackElo "2268"]
[Result "0-1"]
[Round "07"]
[TimeControl "180+2"]
[Date "2023.05.09"]
[WhiteClock "0:01:18"]
[BlackClock "0:02:28"]

1. c4 f5 2. Nc3 Nf6 3. g3 d6 4. Bg2 e5 5. e3 Be7 6. Nge2 O-O 7. O-O Nc6 8. d4 Qe8 9. dxe5 dxe5 10. e4 Qh5 11. exf5 Bxf5 12. Nd5 Bd8 13. Nec3 Bg4 14. Qb3 Nd4 15. Qxb7 Rc8 16. Nxf6+ Bxf6 17. Ne4 Nf3+ 18. Bxf3 Bxf3 19. Qd5+ Kh8 20. Qd3 Be7 21. h4 Bxh4 22. gxh4 Qg4+ 23. Ng3 Qh3 24. Qxf3 Rxf3 25. Be3 Rxg3+ 26. fxg3 Qxg3+ 27. Kh1 Qh3+ 28. Kg1 Qxe3+ 29. Kh1 Qh3+ 30. Kg1 Rd8 31. Rae1 Qg3+ 32. Kh1 h6 33. Rf8+ Rxf8 0-1


[Site "https://www.chess.com"]

[Event "Titled Tuesday Blitz May 9 Late 2023"]
[White "Boder, Jan"]
[Black "Van Baar, Esper"]
[WhiteFideId "16243226"]
[BlackFideId "1049321"]
[WhiteElo "2241"]
[BlackElo "2174"]
[Result "1-0"]
[Round "07"]
[TimeControl "180+2"]
[Date "2023.05.09"]
[WhiteClock "0:01:07"]
[BlackClock "0:00:30"]

1. c4 c5 2. g3 g6 3. Bg2 Bg7 4. Nc3 Nc6 5. a3 d6 6. Rb1 a5 7. e4 e5 8. d3 Nge7 9. Nge2 Be6 10. O-O O-O 11. Nd5 Bxd5 12. cxd5 Nd4 13. b4 axb4 14. axb4 b6 15. Nxd4 cxd4 16. Qb3 b5 17. Bd2 Qd7 18. Rfc1 Rfc8 19. h4 h5 20. Kh2 Qa7 21. Bh3 Rxc1 22. Rxc1 Qa2 23. Qc2 Nf5 24. exf5 1-0


[Site "https://www.chess.com"]

[Event "Titled Tuesday Blitz May 9 Late 2023"]
[White "Tarnowska, Aleksandra"]
[Black "Hartikainen, Jarmo"]
[WhiteFideId "1180967"]
[BlackFideId "503134"]
[WhiteElo "1776"]
[BlackElo "2088"]
[Result "0-1"]
[Round "07"]
[TimeControl "180+2"]
[Date "2023.05.09"]
[WhiteClock "0:00:05"]
[BlackClock "0:00:11"]

1. e4 c5 2. Nf3 Nc6 3. Bb5 g6 4. O-O Bg7 5. c3 Nf6 6. e5 Nd5 7. d4 cxd4 8. cxd4 O-O 9. Bc4 Nb6 10. Bb3 d5 11. Nc3 Bg4 12. Be3 Na5 13. Bc2 Nac4 14. Bc1 Rc8 15. h3 Bd7 16. Rb1 Na3 17. bxa3 Rxc3 18. Bb2 Rc8 19. Ng5 h6 20. Nf3 Nc4 21. Bc1 b6 22. Qd3 Bf5 23. Qe2 Bxc2 24. Qxc2 Nxa3 25. Qxc8 Qxc8 26. Bxa3 Qb7 27. Rfc1 Rc8 28. Rxc8+ Qxc8 29. Bxe7 Qc2 30. Re1 Qxa2 31. e6 fxe6 32. Rxe6 Kf7 33. Re1 a5 34. Bd6 b5 35. Re7+ Kg8 36. Nh4 Qa1+ 37. Kh2 Qxd4 38. Nxg6 b4 39. Re8+ Kf7 40. Ne5+ Bxe5+ 41. Bxe5 Qd2 42. Ra8 b3 43. Ra7+ Ke6 44. Bg7 b2 45. Ra6+ Kf7 46. Ra7+ Kg6 47. Bxb2 Qxb2 48. Ra6+ Kf5 49. Rxa5 Ke5 50. Ra8 Kd4 51. Rf8 Kd3 52. Rf3+ Kd2 53. Rg3 d4 54. Rg6 d3 55. Rxh6 Qe5+ 56. g3 Ke2 57. Rh7 d2 58. Rf7 d1=Q 59. Rf3 Qe4 60. h4 Qxf3 61. h5 Qdh1# 0-1


[Site "https://www.chess.com"]

[Event "Titled Tuesday Blitz May 9 Late 2023"]
[White "Mirzoev, Azer"]
[Black "Horokoskii"]
[WhiteFideId "13400304"]
[WhiteElo "2525"]
[BlackElo "2102"]
[Result "1-0"]
[Round "07"]
[TimeControl "180+2"]
[Date "2023.05.09"]
[WhiteClock "0:01:00"]
[BlackClock "0:00:00"]

1. c4 Nf6 2. Nc3 g6 3. e4 d6 4. d4 Bg7 5. f3 O-O 6. Bg5 c5 7. d5 b5 8. Nxb5 Qa5+ 9. Nc3 Nbd7 10. Qd2 Re8 11. Rc1 Rb8 12. Nh3 Ba6 13. Nf2 Ne5 14. b3 e6 15. dxe6 Rxe6 16. Be2 Nc6 17. Nd5 Qd8 18. O-O Nd4 19. Rfe1 Qd7 20. Nxf6+ Bxf6 21. Bxf6 Rxf6 22. Ng4 Re6 23. Bf1 Rbe8 24. Ne3 Bb7 25. Nc2 Nxc2 26. Qxc2 f5 27. Bd3 fxe4 28. Bxe4 Bxe4 29. Rxe4 Rxe4 30. fxe4 Qg7 31. Qd3 Qe5 32. Re1 Re6 33. h3 Qb2 34. Re2 Qc1+ 35. Kh2 Qf4+ 36. Qg3 Rxe4 37. Rxe4 Qxe4 38. Qxd6 Qe3 39. Qb8+ Kg7 40. Qxa7+ Kh6 41. Qc7 Qf2 42. a4 1-0


[Site "https://www.chess.com"]

[Event "Titled Tuesday Blitz May 9 Late 2023"]
[White "Stachanczyk, Jacek"]
[Black "Dargan, Paul A G"]
[WhiteFideId "1116657"]
[BlackFideId "416762"]
[WhiteElo "2084"]
[BlackElo "2042"]
[Result "0-1"]
[Round "07"]
[TimeControl "180+2"]
[Date "2023.05.09"]
[WhiteClock "0:01:23"]
[BlackClock "0:02:22"]

1. e4 c5 2. Nf3 g6 3. d4 cxd4 4. Nxd4 Bg7 5. c4 Nc6 6. Be3 d6 7. Nc3 Nf6 8. f3 O-O 9. Be2 Nxd4 10. Bxd4 Be6 11. Qd2 Qa5 12. a3 Rfc8 13. b4 Qh5 14. O-O Bxc4 15. Rac1 Bxe2 16. Nxe2 Nd7 17. Bxg7 Kxg7 18. Qd4+ Qe5 19. Qxe5+ Nxe5 20. Nd4 Nd3 0-1


[Site "https://www.chess.com"]

[Event "Titled Tuesday Blitz May 9 Late 2023"]
[White "dorpato"]
[Black "Celestino, Rafael Teixeira"]
[BlackFideId "2108925"]
[WhiteElo "2014"]
[BlackElo "2306"]
[Result "0-1"]
[Round "07"]
[TimeControl "180+2"]
[Date "2023.05.09"]
[WhiteClock "0:00:13"]
[BlackClock "0:00:09"]

1. e4 e5 2. Nf3 Nc6 3. d4 exd4 4. c3 dxc3 5. Nxc3 Bb4 6. Bc4 Nf6 7. e5 Ne4 8. Qd5 O-O 9. Qxe4 d6 10. O-O Re8 11. Bf4 Bxc3 12. bxc3 Qe7 13. Bg5 Qd7 14. Bf4 Qg4 15. Bd3 f5 16. Qc4+ Be6 17. Qb5 Qxf4 18. exd6 Qxd6 19. Rfd1 Qf4 20. Qxb7 Ne7 21. Qa6 Bd5 22. Be2 Ng6 23. Qd3 Rad8 24. Qc2 Be4 25. Qb3+ Kh8 26. Rxd8 Rxd8 27. Rd1 Rxd1+ 28. Qxd1 h6 29. g3 Qg4 30. Nd4 Qh3 31. f3 Bd5 32. Qb1 f4 33. Qb8+ Kh7 34. Qxc7 fxg3 35. Qxg3 Qh5 36. Bd3 Qg5 37. Bxg6+ Qxg6 38. Qxg6+ Kxg6 39. Kf2 Bxa2 40. Nb5 a6 41. Nc7 a5 42. Nb5 Bc4 43. Na3 Bd3 44. Kg3 Kf5 45. h3 g5 46. h4 a4 47. hxg5 hxg5 48. Kf2 Kf4 49. Kg2 Ke3 50. Kg3 Kd2 51. Kg4 Kxc3 52. Kxg5 Kb3 53. f4 Kxa3 54. f5 Kb2 55. f6 Bc4 56. Kg6 a3 57. f7 Bxf7+ 58. Kxf7 a2 0-1


[Site "https://www.chess.com"]

[Event "Titled Tuesday Blitz May 9 Late 2023"]
[White "Harish, Neeraj"]
[Black "James, Stuart"]
[WhiteFideId "30958130"]
[BlackFideId "7400489"]
[WhiteElo "1879"]
[BlackElo "1950"]
[Result "0-1"]
[Round "07"]
[TimeControl "180+2"]
[Date "2023.05.09"]
[WhiteClock "0:00:01"]
[BlackClock "0:01:35"]

1. e4 c5 2. Nf3 e6 3. d4 cxd4 4. Nxd4 Qb6 5. Nc3 Bc5 6. Be3 Nc6 7. Ndb5 Bxe3 8. fxe3 Qxe3+ 9. Be2 Nf6 10. Nc7+ Kd8 11. Nxa8 Ng4 12. Rf1 Nxh2 13. Rxf7 Ne5 14. Rf2 Nhg4 15. Rf1 Nc4 16. Qd3 Nxb2 17. Qxe3 Nxe3 18. Kd2 Nbc4+ 19. Bxc4 Nxc4+ 20. Kd3 Ne5+ 21. Ke2 b6 22. Nxb6 Ba6+ 23. Kd2 Bxf1 24. Rxf1 axb6 25. Rb1 Nc4+ 26. Kd3 Ne5+ 27. Ke2 Kc7 28. Nb5+ Kc6 29. Nd4+ Kc7 30. Nb5+ Kb7 31. Nd6+ Kc6 32. Nc4 Nxc4 0-1


[Site "https://www.chess.com"]

[Event "Titled Tuesday Blitz May 9 Late 2023"]
[White "Prohorov, Olexandr"]
[Black "tandercat"]
[WhiteFideId "14105578"]
[WhiteElo "1966"]
[BlackElo "2001"]
[Result "1-0"]
[Round "07"]
[TimeControl "180+2"]
[Date "2023.05.09"]
[WhiteClock "0:01:35"]
[BlackClock "0:00:08"]

1. e4 c5 2. c3 Nf6 3. e5 Nd5 4. Nf3 Nc6 5. Bc4 Nb6 6. Bb3 d5 7. exd6 Qxd6 8. a4 c4 9. Bc2 Bg4 10. a5 Nd7 11. a6 b6 12. Na3 Nde5 13. Nb5 Qd7 14. Qe2 Bxf3 15. gxf3 Nd3+ 16. Bxd3 cxd3 17. Qe4 O-O-O 18. Nxa7+ Nxa7 19. Qa8+ Kc7 20. Qxa7+ Kd6 21. Qxb6+ Ke5 22. Qe3+ Kf6 23. a7 Ra8 24. Ra6+ e6 25. Rg1 Bd6 26. Qg5# 1-0


[Site "https://www.chess.com"]

[Event "Titled Tuesday Blitz May 9 Late 2023"]
[White "Dias, Joao Batista"]
[Black "Escalante Ramirez, Rafael"]
[WhiteFideId "2108240"]
[BlackFideId "3900177"]
[WhiteElo "1907"]
[BlackElo "2184"]
[Result "1/2-1/2"]
[Round "07"]
[TimeControl "180+2"]
[Date "2023.05.09"]
[WhiteClock "0:00:18"]
[BlackClock "0:00:43"]

1. e4 c5 2. Nf3 e6 3. d4 cxd4 4. Nxd4 a6 5. c4 Nf6 6. Nc3 Qc7 7. Bd3 b6 8. Be3 Bb7 9. f3 d6 10. O-O Nbd7 11. Qd2 Be7 12. b3 Rc8 13. Rad1 b5 14. Rc1 b4 15. Nce2 Nc5 16. Rfd1 Qb6 17. Bf2 O-O 18. Bb1 Rfd8 19. Nc2 a5 20. Qf4 Qc7 21. Ne3 Nfd7 22. Ng4 Bf8 23. Qg3 Kh8 24. Be3 Ne5 25. Bd4 f6 26. Qh4 Qe7 27. f4 Ng6 28. Qh3 e5 29. Bxc5 dxc5 30. f5 Nf4 31. Nxf4 exf4 32. Qf3 Re8 33. Qxf4 Qf7 34. e5 fxe5 35. Nxe5 Qh5 36. Rd7 Ba8 37. Nf7+ Kg8 38. Nd6 Bxd6 39. Qxd6 Re2 40. Rd8+ Rxd8 41. Qxd8+ Re8 42. Qd3 Bxg2 43. Kxg2 Re2+ 44. Kf1 Rxh2 45. Qd8+ Kf7 46. Qd7+ Kf8 47. Qd6+ Kf7 48. Qe6+ Kf8 49. Qc8+ Kf7 50. Qe6+ Kf8 51. Qc8+ Kf7 52. Qe6+ 1/2-1/2


[Site "https://www.chess.com"]

[Event "Titled Tuesday Blitz May 9 Late 2023"]
[White "Castillo Pena, Patricia Evarista"]
[Black "ritanovikova"]
[WhiteFideId "6412106"]
[WhiteElo "1919"]
[BlackElo "2184"]
[Result "1-0"]
[Round "07"]
[TimeControl "180+2"]
[Date "2023.05.09"]
[WhiteClock "0:00:45"]
[BlackClock "0:00:00"]

1. d4 d5 2. Nf3 Nf6 3. e3 e6 4. Bd3 Be7 5. b3 O-O 6. Bb2 c5 7. O-O Nc6 8. Nbd2 cxd4 9. exd4 Nb4 10. Be2 Bd7 11. a3 Nc6 12. Bd3 Rc8 13. Rc1 Qc7 14. Qe2 a6 15. c4 dxc4 16. bxc4 Qf4 17. g3 Qh6 18. Ne5 Nxe5 19. dxe5 Ne8 20. Ne4 g6 21. Rfd1 Qg7 22. Bb1 Bc6 23. Nd6 Rd8 24. c5 Nc7 25. Be4 Bxe4 26. Qxe4 Nd5 27. Nxb7 Rb8 28. c6 Rfc8 29. Bd4 Nc7 30. Nd6 Rd8 31. Ra1 Nb5 32. a4 Nxd4 33. Qxd4 Rbc8 34. Rac1 Rc7 35. f4 g5 36. Qb6 Rcc8 37. Nxc8 Rxc8 38. c7 gxf4 39. Rd8+ Rxd8 40. cxd8=Q+ 1-0


[Site "https://www.chess.com"]

[Event "Titled Tuesday Blitz May 9 Late 2023"]
[White "Almedina Ortiz, Edgardo J."]
[Black "Dmitriev, Sergey"]
[WhiteFideId "3100197"]
[BlackFideId "14101785"]
[WhiteElo "2217"]
[BlackElo "2132"]
[Result "1-0"]
[Round "07"]
[TimeControl "180+2"]
[Date "2023.05.09"]
[WhiteClock "0:00:05"]
[BlackClock "0:00:16"]

1. d4 d6 2. Nf3 g6 3. c4 Bg7 4. e4 Nf6 5. Nc3 Bg4 6. Be2 O-O 7. Ng1 Bxe2 8. Ngxe2 Nc6 9. O-O e5 10. d5 Ne7 11. f3 Nh5 12. Be3 f5 13. c5 Qd7 14. a4 a6 15. a5 h6 16. Qb3 Rab8 17. cxd6 cxd6 18. Na4 g5 19. Nb6 Qe8 20. Rac1 g4 21. fxg4 fxg4 22. Rxf8+ Bxf8 23. Rc7 Qg6 24. Qd3 Nf6 25. Nc3 Ne8 26. Rd7 Nf6 27. Rxd6 Qg7 28. Re6 Nc8 29. Nxc8 Rxc8 30. Rxe5 Bd6 31. Rf5 Nd7 32. Bd4 Qg6 33. g3 Nc5 34. Qe3 Nb3 35. Rf6 Qh7 36. Rxd6 Rf8 37. Rf6 Rxf6 38. Bxf6 Qf7 39. Qxh6 Qh7 40. Qxh7+ Kxh7 41. Bd8 Nd2 42. Bb6 Nc4 43. b3 Nd6 44. e5 Nc8 45. e6 Kg7 46. Bd4+ Kf8 47. Bf6 Nd6 48. Kg2 Ke8 49. h3 gxh3+ 50. Kxh3 Kf8 51. b4 Ke8 52. g4 Kf8 53. g5 Nc8 54. Kg4 Ke8 55. Kf5 Nd6+ 56. Ke5 Nc4+ 57. Kd4 Nd2 58. d6 Nf3+ 59. Kd5 Nd2 60. d7+ Kf8 61. d8=Q# 1-0


[Site "https://www.chess.com"]

[Event "Titled Tuesday Blitz May 9 Late 2023"]
[White "Burke, Paul"]
[Black "KSho99"]
[WhiteFideId "2605767"]
[WhiteElo "1910"]
[BlackElo "2137"]
[Result "0-1"]
[Round "07"]
[TimeControl "180+2"]
[Date "2023.05.09"]
[WhiteClock "0:00:24"]
[BlackClock "0:00:03"]

1. e4 c6 2. d4 d5 3. exd5 cxd5 4. c4 Nf6 5. Nc3 Nc6 6. Nf3 g6 7. Be2 dxc4 8. Bxc4 Bg7 9. d5 Na5 10. Bb5+ Bd7 11. Bxd7+ Qxd7 12. O-O O-O 13. Bf4 Rfd8 14. Re1 Nxd5 15. Nxd5 Qxd5 16. Bc7 Qxd1 17. Raxd1 Rxd1 18. Rxd1 Nc6 19. b3 Rc8 20. Bg3 Rd8 21. Re1 e5 22. h3 f6 23. Rc1 Bh6 24. Rc2 Rd1+ 25. Kh2 Rc1 26. Re2 Nb4 27. Bh4 Kf7 28. g4 Bf4+ 29. Kg2 Rc2 30. Rxc2 Nxc2 31. g5 f5 32. Ne1 Nxe1+ 33. Kf1 Nf3 0-1


[Site "https://www.chess.com"]

[Event "Titled Tuesday Blitz May 9 Late 2023"]
[White "Oliveira, Tiago Batista"]
[Black "Silva Rosas, Natalia"]
[WhiteFideId "2108291"]
[BlackFideId "3000575"]
[WhiteElo "1962"]
[BlackElo "1651"]
[Result "1-0"]
[Round "07"]
[TimeControl "180+2"]
[Date "2023.05.09"]
[WhiteClock "0:00:13"]
[BlackClock "0:00:00"]

1. d4 f5 2. c4 Nf6 3. Nf3 g6 4. g3 Bg7 5. Bg2 O-O 6. O-O d6 7. b3 c6 8. Bb2 Qe8 9. Nc3 Na6 10. e4 f4 11. e5 Ng4 12. Qe2 Bf5 13. Rae1 Nb4 14. Ne4 dxe5 15. dxe5 Rd8 16. Rd1 Rxd1 17. Rxd1 h5 18. a3 Na6 19. gxf4 Bxe4 20. Qxe4 Nc5 21. Qc2 Rxf4 22. h3 Nh6 23. Bc1 Rf5 24. b4 Ne6 25. c5 Nf4 26. Qc4+ e6 27. Bxf4 Qf7 28. Rd8+ Kh7 29. Ng5+ Rxg5 30. Bxg5 Bxe5 31. Qe4 Bg7 32. Bf1 Nf5 33. Bc4 Qc7 34. Qxe6 1-0


[Site "https://www.chess.com"]